 Dungeon Crawl Stone Soup version 0.31-a0-925-g0a390f2509 (webtiles) character file.

Game seed: 8210671087825128882

117 PimpSugar the Magician (level 5, -4/37 HPs)
             Began as a Djinni Hedge Wizard on Oct 18, 2023.
             Slain by an ice beast (21 damage)
             ... on level 3 of the Dungeon.
             The game lasted 00:07:13 (1645 turns).

PimpSugar the Magician (Djinni Hedge Wizard)        Turns: 1645, Time: 00:07:14

Health: -4/37      AC:  4    Str:  9    XL:     5   Next: 22%
Gold:   60         EV: 13    Int: 18    God:
                   SH:  0    Dex: 19

rFire   + + .        k - +3 whip "Hydrabane" {vamp, Dex+7 Stlth+}
rCold   x . .        (no shield)
rNeg    . . .        b - +0 robe
rPois   ∞            l - +0 helmet
rElec   .            m - +0 cloak
rCorr   +            (no gloves)
SInv    .            (boots unavailable)
Will    .....        (no amulet)
Stlth   +++          i - ring of resist corrosion
HPRegen 0.26/turn    (no ring)
MPRegen 0.00/turn

%: infuse magic (-5 HP)
@: flying
A: sickness immunity, fire resistance 2, cold vulnerability 1, float, innate
caster, HP casting, extra vitality 1
a: no special abilities


You were on level 3 of the Dungeon.
You visited 1 branch of the dungeon, and saw 3 of its levels.

You collected 60 gold pieces.

Inventory:

Hand Weapons
 a - a +0 dagger
 k - the +3 whip "Hydrabane" (weapon) {vamp, Dex+7 Stlth+}
   (You took it off a hobgoblin on level 2 of the Dungeon)

   Dex+7:     It affects your dexterity (+7).
   Stlth+:    It makes you more stealthy.
 p - a +2 spear of venom
Missiles
 e - 7 stones
 j - 4 poisoned darts
Armour
 b - a +0 robe (worn)
 c - a +0 hat
 l - a +0 helmet (worn)
 m - a +0 cloak (worn)
Magical Staves
 h - a staff of conjuration
Jewellery
 i - a ring of resist corrosion (left hand)
Talismans
 o - a blade talisman
Scrolls
 d - a scroll of identify
 f - 2 scrolls of teleportation
 g - 2 scrolls of revelation {unknown}
Potions
 q - a potion of curing


   Skills:
 + Level 1.5 Fighting
 + Level 0.6 Maces & Flails
 + Level 3.0 Dodging
 + Level 2.3 Stealth
 * Level 3.5 Spellcasting
 * Level 3.5 Conjurations
 * Level 3.5 Hexes
   Level 0.0 Charms
 * Level 3.5 Summonings
 * Level 3.5 Necromancy
 * Level 3.5 Translocations
 * Level 3.5 Transmutations
 * Level 3.5 Fire Magic
 * Level 3.5 Ice Magic
 * Level 3.5 Air Magic
 * Level 3.5 Earth Magic
 * Level 3.5 Poison Magic
 + Level 0.8 Evocations


You knew the following spells:

 Your Spells              Type           Power      Damage    Failure   Level
a - Magic Dart            Conj           60%        1d6       3%          1
b - Call Imp              Summ           30%        N/A       5%          2
c - Mephitic Cloud        Conj/Pois/Air  15%        N/A       11%         3
d - Slow                  Hex            60%        N/A       3%          1
e - Blink                 Tloc           30%        N/A       5%          2
f - Summon Small Mammal   Summ           60%        N/A       3%          1
g - Lesser Beckoning      Tloc           30%        N/A       5%          2
Your spell library was empty.

Dungeon Overview and Level Annotations

Branches:
Dungeon (3/15)

Altars:

Annotations:
D:3 1 transporter, Xavori's ghost, amateur OpCK


Innate Abilities, Weirdness & Mutations

You are immune to sickness and miasma.
You are immune to poison.
Your flesh is very heat resistant. (rF++)
You are vulnerable to cold. (rC-)
You float through the air rather than walking.
You learn spells naturally, not from books.
Your magical power is your life essence.
You have superior vitality. (+4 MHP)


Message History

Press: ? - help, Shift-Dir - straight line, f/p - ice beast
Aim: an ice beast (lightly wounded, ally target, chance to affect: 49%)
The ice beast resists with some effort.
Your bat hits the ice beast but does no damage.
The ice beast closely misses you.
Casting: Slow (safe; 3% risk of failure)
Confirm with . or Enter, or press ? or * to list all spells.
Aiming: Slow (safe; 3% risk of failure)
Press: ? - help, Shift-Dir - straight line, f/p - ice beast
Aim: an ice beast (lightly wounded, ally target, chance to affect: 49%)
The ice beast resists with some effort.
Your bat hits the ice beast but does no damage.
The ice beast hits you. The ice beast freezes you!!
You feel a terrible chill!
Your bat hits the ice beast but does no damage.
You feel much better. The ice beast closely misses you.
Your bat barely misses the ice beast.
Your bat disappears in a puff of smoke!
The ice beast attacks as it pursues you!
The ice beast closely misses you.
The ice beast attacks as it pursues you!
The ice beast hits you. The ice beast freezes you!
You feel a terrible chill!
You see here a giant cockroach corpse.
The ice beast barely misses you.
Casting: Slow (safe; 3% risk of failure)
Confirm with . or Enter, or press ? or * to list all spells.
A tiny devil pulls itself out of the air.
The ice beast hits you but does no damage.
Your cerulean imp barely misses the ice beast.
The ice beast attacks as it pursues you!
The ice beast barely misses you.
Casting: Call Imp (safe; 5% risk of failure)
Confirm with . or Enter, or press ? or * to list all spells.
You can't see any susceptible monsters within range! (Use Z to cast anyway.) Unknown command.
Casting: Call Imp (safe; 5% risk of failure)
Confirm with . or Enter, or press ? or * to list all spells.
Your cerulean imp barely misses the ice beast.
The ice beast hits you. The ice beast freezes you!!
You feel a terrible chill!
Ouch! That really hurt!
You die...

... #...........#####
.#..########...........##..
.......................##§##
#....................#...##
#)#####...§.....#......#.....
......................>.....#
#+#+#.#.#+##.###†....#.......
...........#.##......#.####.#
...........#@##..##.......#.#
######......rY.5.##..#....#.#
#..........##..........#
..Z#..<.#..##...........#..
#..#....#..#............#.#
#..#....#..#....##+#.#.....
...W#..........#...........#
.....#©...##.#..#.#..#.##...#
.....#.......#......... #....


You could see an ice beast (ally target), a friendly cerulean imp (summoned) and
a friendly rat (summoned).

Vanquished Creatures
  Natasha (D:3)
  3 adders
  A worm (D:2)
  A dart slug (D:1)
  3 endoplasms
  2 giant cockroaches
  5 goblins
  6 hobgoblins
  3 ball pythons (D:2)
  3 bats (D:2)
  2 frilled lizards
  6 kobolds
  2 rats (D:2)
38 creatures vanquished.

Vanquished Creatures (collateral kills)
  2 worms (D:2)
  5 endoplasms
  2 giant cockroaches (D:1)
  3 jackals (D:1)
  A bat (D:2)
  A rat (D:2)
14 creatures vanquished.

Grand Total: 52 creatures vanquished

Notes
Turn   | Place    | Note
-------+----------+-------------------------------------------
     0 | D:1      | PimpSugar the Djinni Hedge Wizard began the quest for the
                  | Orb.
     0 | D:1      | PimpSugar set off with the following spells memorised:
                  | Magic Dart, Slow, Blink, Call Imp, Mephitic Cloud.
     0 | D:1      | Reached XP level 1. HP: 15/15 MP: 0/0
   120 | D:1      | Reached XP level 2. HP: 19/22 MP: 0/0
   241 | D:1      | Found a faded altar of an unknown god.
   324 | D:1      | Reached XP level 3. HP: 17/26 MP: 0/0
   324 | D:1      | Learned a level 1 spell: Summon Small Mammal
   687 | D:2      | Reached skill level 1 in Fighting
   700 | D:2      | Identified the +3 whip "Hydrabane" {vamp, Dex+7 Stlth+}
   718 | D:2      | Reached XP level 4. HP: 19/32 MP: 0/0
  1522 | D:3      | Noticed Natasha
  1532 | D:3      | Killed Natasha
  1533 | D:3      | Reached XP level 5. HP: 20/37 MP: 0/0
  1533 | D:3      | Learned a level 2 spell: Lesser Beckoning
  1605 | D:3      | Found a transporter.
  1605 | D:3      | Noticed Xavori's ghost (amateur OpCK)
  1606 | D:3      | Noticed a phantom
  1616 | D:3      | Noticed an ice beast
  1645 | D:3      | Slain by an ice beast

Illustrated notes

Levels and vault maps discovered:
D:1:      heliophobic_arrival_glass_houses, layout_basic, basic_ecumenical_altar
D:2:      layout_basic, minmay_misc_feat_iff
D:3:      layout_basic, gammafunk_ghost_mausoleum, uniq_natasha

Skill      XL: |  1  2  3  4 |
---------------+-------------+-----
Spellcasting   | 3 |  3.5
Conjurations   | 3 |  3.5
Hexes          | 3 |  3.5
Summonings     | 3 |  3.5
Necromancy     | 3 |  3.5
Translocations | 3 |  3.5
Transmutations | 3 |  3.5
Fire Magic     | 3 |  3.5
Ice Magic      | 3 |  3.5
Air Magic      | 3 |  3.5
Earth Magic    | 3 |  3.5
Poison Magic   | 3 |  3.5
Fighting       | 1 |  1.5
Stealth        | 2 |  2.3
Dodging        | 3 |  3.0
Maces & Flails | |  0.6
Evocations     | |  0.8

Action                     |  1- 3 |  4- 6 || total
---------------------------+-------+-------++-------
  Melee: Dagger            |     3 |       ||     3
         Staff             |     1 |       ||     1
         Whip              |       |    57 ||    57
   Cast: Magic Dart        |    39 |    10 ||    49
         Call Imp          |     7 |     5 ||    12
         Summon Small Mamm |     5 |     5 ||    10
         Slow              |     2 |     5 ||     7
    Use: Potion            |     1 |     1 ||     2
         Scroll            |       |     2 ||     2
   Stab: Distracted        |     1 |     3 ||     4
         Sleeping          |       |     2 ||     2
 Armour: Robe              |     8 |    50 ||    58
  Dodge: Dodged            |     9 |    52 ||    61

Table legend: (Time is in decaauts)
 A = Elapsed time spent in this place.
 B = Non-inter-level travel time spent in this place.
 C = Inter-level travel time spent in this place.
 D = Time resting spent in this place.
 E = Time spent auto-exploring this place.
 F = Levels seen in this place.
 G = Mean time per level.
                   A        B        C        D        E       F      G
               +--------+--------+--------+--------+--------+-----+--------+
         Total |   1648 |   1436 |    212 |      3 |    780 |   3 |  549.3 |
       Dungeon |   1648 |   1436 |    212 |      3 |    780 |   3 |  549.3 |
               +--------+--------+--------+--------+--------+-----+--------+

Top non-repeatable levels by time:
     D:2: 842 daAuts
     D:1: 664 daAuts
     D:3: 142 daAuts
